 Dungeon Crawl Stone Soup version bcrawl-1.41.1 (webtiles) character file.

Game seed: 9429197404374673942

10631584 Grimmash the Eclecticist (level 20, 0/171 HPs)
             Began as a Fairy Conjurer on Apr 12, 2024.
             Was the Champion of Vehumet.
             Slain by the Enchantress
             ... wielding a +4 demon whip of pain
              (21 damage)
             ... on level 3 of the Spriggan Forest on Apr 13, 2024.
             The game lasted 01:17:21 (37593 turns).

Grimmash the Eclecticist (Fairy Conjurer)          Turns: 37593, Time: 01:17:22

Health: 0/171      AC: 29    Str:  6    XL:     20   Next: 16%
Magic:  27/53      EV: 21    Int: 27    God:    Vehumet [******]
Gold:   1865       SH:  0    Dex: 14    Spells: 3/57 levels left

rFire    . . .     GDR:     38% b - +3 quick blade (elec)
rCold    . . .     SeeInvis .   Y - +3 warlock's mirror {reflect}
rNeg     + . .     Gourm    .   (armour unavailable)
rPois    ∞         Faith    .   K - +1 helmet
rElec    +         Spirit   .   W - scarf {repulsion}
rCorr    .         Reflect  +   (gloves currently unavailable)
MR       +....                  (boots currently unavailable)
Stlth    ..........             v - amulet of the acrobat
HPRegen  0.38/turn              i - ring of magical power
MPRegen  0.33/turn              w - ring of wizardry

@: confused, statue-form, vulnerable, grasped by roots, flying evasively,
slowed, constricted, repel missiles, very slow
A: small, magic attunement, unstealthy, unfitting armour, able to fly, AC/SH +9
}: 2/15 runes: decaying, barnacled
a: Stop Flying, End Transformation, Renounce Religion


You were on level 3 of the Spriggan Forest.
You worshipped Vehumet.
Vehumet was exalted by your worship.
You were near starving.
You were a stone statue.
You visited 7 branches of the dungeon, and saw 29 of its levels.
You also visited: Sewer, Bailey and Gauntlet.

You collected 2956 gold pieces.
You spent 1091 gold pieces at shops.

Inventory:

Hand Weapons
 a - the +7 Spriggan's Knife {stab, EV+4 Stlth+}
   (You found it in a Gauntlet)

   It affects your evasion (+4).
   It makes you more stealthy.
 b - a +3 quick blade of electrocution (weapon)
 G - a +2 long sword of holy wrath
 H - the +7 short sword of Grimmash's Destruction {venom, rN+ MR++ Str-2}
   (You found it on level 5 of the Dungeon)

   It poisons the flesh of those it strikes.
   It affects your strength (-2).
   It protects you from negative energy.
   It affects your resistance to hostile enchantments.
 O - a +4 scimitar of flaming
Missiles
 N - 9 throwing nets {=f}
 P - 1039 poisoned tomahawks (quivered)
Armour
 h - a +1 leather armour of magic resistance
 C - the +0 pair of gloves of the Cockroach (melded) {rF+}
   (You found it in a Gauntlet)

   It protects you from fire.
 E - a +2 pair of boots (melded)
 K - a +1 helmet (worn)
 W - a scarf of repulsion (worn)
 Y - the +3 warlock's mirror (worn) {reflect}
   (You acquired it on level 2 of the Lair of Beasts)
Jewellery
 d - an uncursed ring of poison resistance
 i - a ring of magical power (left hand)
 v - an amulet of the acrobat (around neck)
 w - a ring of wizardry (right hand)
 y - a +5 ring of dexterity
 R - an uncursed ring of protection from fire
Wands
 m - a wand of digging (2)
 q - a wand of paralysis (25)
 s - a wand of iceblast (43)
 x - a wand of charming (11)
 z - a wand of polymorph (65)
 L - a wand of clouds (3)
 S - a wand of acid (23)
 T - a wand of flame (85)
 V - a wand of disintegration (35)
 X - a wand of random effects (19)
Scrolls
 k - 12 scrolls of remove curse
 r - 11 scrolls of teleportation
 u - a scroll of amnesia
 A - 4 scrolls of enchant armour
 B - 6 scrolls of fear
 D - 3 scrolls of noise
 J - 4 scrolls of fog
Potions
 c - a potion of resistance
 f - 8 potions of might
 g - a potion of cancellation
 j - a potion of invisibility
 l - 4 potions of curing
 n - 8 potions of haste
 o - 7 potions of mutation
 p - 11 potions of heal wounds
 t - 5 potions of lignification
 F - 4 potions of brilliance
 I - 2 potions of berserk rage
 M - 3 potions of magic
 Q - 4 potions of agility
 Z - 2 potions of flight
Miscellaneous
 U - a sack of spiders
Comestibles
 e - 71 rations {!d}


   Skills:
 * Level 10.0 Fighting
 + Level 10.1 Short Blades
 + Level 1.0 Throwing
 * Level 12.9 Dodging
 + Level 3.6 Stealth
 * Level 12.3 Shields
 * Level 2.2 Unarmed Combat
 * Level 19.2 Spellcasting
 * Level 19.0 Conjurations
 * Level 7.4 Hexes
 + Level 9.7 Transmutations
 * Level 9.8 Fire Magic
 * Level 8.2 Ice Magic
 * Level 8.2 Air Magic
 * Level 5.6 Earth Magic
 + Level 0.4 Evocations


You had 3 spell levels left.
You knew the following spells:

 Your Spells              Type           Power        Failure   Level  Hunger
a - Iron Shot             Conj/Erth      #######...   1%          6    None
b - Bolt of Fire          Conj/Fire      #######...   1%          6    None
c - Iskenderun's Mystic   Conj           #######.     0%          3    None
d - Mana Rupture          Conj/Hex       #######...   1%          7    None
e - Lightning Bolt        Conj/Air       #######.     1%          4    None
f - Searing Ray           Conj           #######.     0%          2    None
g - Icicle Burst          Conj/Ice       #######...   1%          7    None
h - Dragon Form           Tmut           ######.      17%         7    None
i - Statue Form           Tmut/Erth      ######...    8%          6    None
x - Irradiate             Conj/Tmut      #######...   1%          5    None
z - Magic Dart            Conj           ####         0%          1    None

Your spell library contained the following spells:

 Spells                   Type           Power        Failure   Level  Hunger
 Lehudib's Crystal Spear  Conj/Erth      #######...   12%         8    None
 Glaciate                 Conj/Ice/Air   ######....   14%         8    None
 Ignition                 Hex/Fire       ######....   43%         8    None
 Shock                    Conj/Air       #######      0%          2    None
 Throw Frost              Conj/Ice       ######       0%          2    None
 Apportation              Tloc           ####..       1%          1    None
 Corona                   Hex            ######.      1%          1    None
 Freeze                   Ice            ######       1%          1    None
 Infusion                 Chrm           ####....     1%          1    None
 Sandblast                Erth           ######       1%          1    None
 Slow                     Hex            ######..     1%          1    None
 Static Discharge         Air            ######       1%          1    None
 Summon Butterflies       Summ           ####....     1%          1    None
 Passwall                 Tmut/Erth      ######..     1%          2    None
 Poisonous Vapours        Pois/Air       #####.       1%          2    None
 Sublimation of Blood     Necr           ####......   1%          2    None
 Swiftness                Chrm/Air       #####...     1%          2    None
 Ignite Poison            Fire/Tmut/Pois ######..     1%          3    None
 Mephitic Cloud           Conj/Pois/Air  ######..     1%          3    None
 Ozocubu's Armour         Chrm/Ice       #####...     1%          3    None
 Stone Arrow              Conj/Erth      ######       1%          3    None
 Cause Fear               Hex            ######....   1%          4    None
 Fulminant Prism          Conj/Hex       #######...   1%          4    None
 Ice Form                 Ice/Tmut       ######..     1%          4    None
 Petrify                  Tmut/Erth      ######....   1%          4    None
 Sticky Flame             Conj/Fire      #######.     1%          4    None
 Throw Icicle             Conj/Ice       #######.     1%          4    None
 Tree Form                Hex/Tmut       N/A          1%          4    None
 Lee's Rapid Deconstruct  Erth           ######....   1%          5    None
 Metabolic Englaciation   Hex/Ice        ######....   1%          5    None
 Ozocubu's Refrigeration  Ice            ######....   1%          6    None
 Summon Ice Beast         Ice/Summ       #####...     2%          4    None
 Darkness                 Hex            ######....   9%          6    None
 Invisibility             Hex            ######..     9%          6    None
 Passage of Golubria      Tloc           N/A          32%         5    None
 Summon Forest            Summ/Tloc      ####......   32%         5    None
 Virulence                Hex/Pois       #####...     34%         6    None
 Summon Hydra             Summ           ####......   85%         6    None
 Fire Storm               Fire           ######....   97%         9    None
 Monstrous Menagerie      Summ           ####......   100%        7    None
 Necromutation            Tmut/Necr      ######..     100%        8    None
 Dragon's Call            Summ           ####......   100%        9    None


Dungeon Overview and Level Annotations

Branches:
Dungeon (12/12)            Temple (1/1) D:7            Lair (6/6) D:8
  Swamp (3/3) Lair:4       Shoals (3/3) Lair:2        Slime (0/5) Orc
    Orc (1/1) D:11         Vaults (0/3) D:11         Forest (3/3) Lair:5
 Depths (0/5) D:12

Altars:
Ashenzari
Dithmenos
Elyvilon
Fedhas
Gozag
Hepliaklqana
Kikubaaqudgha
Lugonu
Makhleb
Nemelex Xobeh
Okawaru
Uskayaw
Vehumet
Wu Jian
Xom
Yredelemnul
Zin
Jiyva

Shops:
D:4 %   D:6 %   D:7 *   D:8 !   D:11 (   D:12 (   Orc (*![   Shoals:1 !

Portals:
Abyss: Swamp:1

Annotations:
Lair:6 Rupert
Swamp:3 1 runed translucent door, Lazarus1551's ghost, adept OnAE
Shoals:1 3 runed translucent doors, Cris's ghost, journeyman FrAE
Forest:3 the Enchantress


Innate Abilities, Weirdness & Mutations

Your spells do not cause hunger and MP costs are reduced by 1.
Your bright wings attract enemies. (Stealth-)
You cannot fit into any form of body armour.
((Your shimmering scales are hard and can block incoming attacks. (AC +9, SH +9)))
You are small and have problems with some larger weapons.
You can fly continuously.


Message History

The shambling mangrove barely misses you.
The grasping roots constrict you.
No path to travel!
No path to travel!
No path to travel!
No path to travel!
You're too confused!
Unknown command.
Unknown command.
You feel much better.
The Enchantress points at you and mumbles some strange words.
You feel as though you will be slow longer.
The Enchantress hits you but does no damage.
You writhe in agony.
The Enchantress barely misses you.
The Enchantress hits you with a +4 demon whip of pain.
You writhe in agony.
The shambling mangrove hits you!!
* * * LOW HITPOINT WARNING * * *
x2 The grasping roots constrict you!
The Enchantress hits you with a +4 demon whip of pain!!
You die...

....... ...♣..♣ ......♣
♣♣..♣..♣♣ ♣.......♣♣
..)......♣ ♣♣♣ .)÷.♣...♣♣♣♣♣♣♣
♣♣.♣♣ .).♣♣...♣♣.♣♣.♣♣♣.♣.♣♣♣♣
...)♣♣.♣♣......f8...♣♣.♣♣♣♣♣
♣....♣.♣)......i..♣...♣.♣♣.♣♣♣
.♣..♣........♣♣.♣♣♣♣.♣♣♣.♣♣..♣
.......♣.....♣♣♣♣ ♣♣♣♣<....♣♣
.♣...........♣ ♣♣.♣♣♣♣♣ ♣♣♣
..[.......♣.♣♣ ♣..♣♣♣♣ ♣♣..
.....♣....♣♣♣ ♣....♣.♣♣.♣P
...........♣ ♣♣♣♣.♣P♣.♣♣♣
..........♣♣ ♣♣♣ ♣.♣♣..♣


You could see the Enchantress and a shambling mangrove.

Vanquished Creatures
  Mara (Shoals:3)
  Bai Suzhen (Swamp:3)
  A bone dragon (Swamp:3)
  A tentacled monstrosity (Swamp:1)
  11 wendigos
  8 thorn hunters
  Agnes (D:12)
  A kraken (Shoals:2)
  Kirke (Lair:6)
  Ilsuiw (Shoals:3)
  A greenwood witch (Forest:2)
  A fire giant (D:10)
  An apis (Forest:3)
  An elemental wellspring (Shoals:1)
  A vampire knight (Swamp:3)
  A minotaur (Gauntlet)
  A dire elephant (Forest:1)
  6 merfolk javelineers (Shoals:3)
  2 fire dragons (Forest:3)
  8 merfolk impalers
  A quicksilver dragon zombie (Swamp:3)
  A yaktaur captain (D:12)
  Erica (D:9)
  8 hydras
  3 vault guards (D:11)
  A spriggan air mage (Forest:3)
  5 ghost crabs
  5 alligator snapping turtles
  11 shambling mangroves
  A death ooze (Gauntlet)
  2 catoblepae
  5 merfolk aquamancers (Shoals:3)
  2 merfolk avatars
  7 satyrs
  4 anacondas
  2 two-headed ogres
  10 alligators
  8 sea snakes
  32 death yaks
  An orc high priest (Orc)
  An ogre mage (D:7)
  6 spriggan berserkers (Forest:3)
  A deep troll shaman (Lair:6)
  2 goliath frogs
  5 centaur warriors
  5 spriggan druids
  An anaconda zombie (Swamp:3)
  2 unseen horrors (D:12)
  8 swamp dragons
  A wizard (D:11)
  3 flayed ghosts (Swamp:3)
  A necromancer (D:11)
  A wolf spider zombie (D:9)
  5 spectral hydras (Swamp:3)
  Pikel (D:6)
  3 lindwurms
  14 harpies
  5 orc knights
  An anaconda skeleton (Swamp:3)
  2 wolf spiders (Forest:3)
  9 oklob plants
  2 ugly things
  10 manticores
  7 orc sorcerers (Orc)
  12 fauns
  A deep elf mage (D:11)
  10 elephants
  8 merfolk sirens
  5 black mambas
  8 will-o'-wisps
  A smoke demon (Gauntlet)
  A gargoyle (D:9)
  16 cane toads
  5 water nymphs
  3 rime drakes
  A freezing wraith (Swamp:3)
  5 komodo dragons
  3 yaktaurs (D:12)
  A dryad (Lair:5)
  27 merfolk
  Maurice (D:12)
  A queen bee (Lair:4)
  A tengu conjurer (D:9)
  3 trolls
  4 hydra zombies (Swamp:3)
  3 harpy skeletons
  Grinder (D:6)
  5 wind drakes
  40 hornets
  5 polar bears
  4 tyrant leeches
  11 hippogriffs
  15 slime creatures
  A blink frog (shapeshifter) (D:10)
  24 blink frogs
  A meliai zombie (D:12)
  9 snapping turtles
  A raiju (shapeshifter) (D:11)
  2 dream sheep (D:8)
  2 bog bodies
  Grum (D:9)
  22 spriggans
  19 water elementals
  2 vampires
  5 wyverns
  47 yaks
  Sigmund (D:4)
  6 basilisks
  3 hogs (Lair:6)
  20 humans (D:11)
  A wraith (D:8)
  8 vampire mosquitoes
  2 hungry ghosts (D:12)
  12 wargs
  14 swamp worms
  Edmund (D:6)
  18 crocodiles
  12 water moccasins
  2 acid dragons
  10 porcupines
  4 swamp drakes
  3 slaves (D:6)
  A floating eye (Lair:5)
  Duvessa (D:4)
  Purgy (Sewer)
  32 orc warriors
  3 sky beasts
  3 ice beasts
  4 black bears
  2 phantoms (D:8)
  A hornet zombie (D:11)
  5 ogres
  13 boggarts
  2 necrophages (D:6)
  12 wolves
  Blork the orc (D:5)
  11 bullfrogs
  4 kobold brigands (D:8)
  2 gnoll sergeants
  Dowan (D:4)
  3 centaurs
  A scorpion (D:11)
  19 killer bees (Lair:4)
  10 wights
  2 electric eels
  5 howler monkeys
  10 orc priests
  10 crimson imps
  A bullfrog zombie (D:6)
  A quasit (D:12)
  4 lava snakes (D:7)
  7 hounds
  A bullfrog skeleton (D:8)
  2 jellies
  47 orc wizards
  6 worker ants
  6 iguanas
  A hound skeleton (D:9)
  A worker ant zombie (D:5)
  A howler monkey zombie (D:8)
  3 gnolls (D:11)
  13 adders
  3 shadow imps
  An adder skeleton (D:6)
  5 dart slugs
  12 leopard geckos
  127 orcs
  6 giant cockroaches
  7 goblins
  6 hobgoblins
  7 jackals
  3 quokkas
  7 bats
  4 frilled lizards
  10 kobolds
  A rat (D:2)
  A briar patch (Swamp:3)
  4 butterflies
  A fungus (Lair:6)
  2 lurking horrors (Swamp:1)
  34 plants
  3 tentacles (Shoals:2)
1207 creatures vanquished.

Vanquished Creatures (others)
  A merfolk javelineer (Shoals:3)
  2 yaktaurs (D:12)
  A merfolk (Shoals:3)
  A hornet (Swamp:2)
  A slave (D:6)
  A human (Lair:6)
  An orc warrior (Orc)
  2 orc priests (D:6)
  2 orc wizards (D:6)
  2 orcs (Orc)
  A kobold (D:12)
  A briar patch (Swamp:3)
  2 bushes
  8 fungi
  128 plants
  A tentacle (Shoals:2)
155 creatures vanquished.

Grand Total: 1362 creatures vanquished

Notes
Turn   | Place    | Note
-------+----------+-------------------------------------------
     0 | D:1      | Grimmash the Fairy Conjurer began the quest for the Orb.
     0 | D:1      | Reached XP level 1. HP: 11/11 MP: 5/5
    96 | D:1      | Reached skill level 5 in Conjurations
   157 | D:1      | Reached XP level 2. HP: 17/17 MP: 6/6
   433 | D:1      | Learned a level 2 spell: Searing Ray
   581 | D:1      | Reached XP level 3. HP: 21/21 MP: 8/8
   849 | D:1      | Learned a level 3 spell: Iskenderun's Mystic Blast
  1292 | D:2      | Reached XP level 4. HP: 26/27 MP: 0/9
  1674 | D:3      | Reached XP level 5. HP: 32/32 MP: 6/10
  1751 | D:3      | Found a shattered altar of Ashenzari.
  1780 | D:3      | Reached skill level 1 in Fighting
  2105 | D:3      | Found an iron altar of Okawaru.
  2424 | D:3      | Reached XP level 6. HP: 38/38 MP: 7/12
  2993 | D:4      | Noticed Duvessa
  2993 | D:4      | Noticed Dowan
  2996 | D:4      | Killed Duvessa
  2997 | D:4      | Reached skill level 5 in Spellcasting
  3000 | D:4      | Killed Dowan
  3001 | D:4      | Reached XP level 7. HP: 30/43 MP: 1/15
  3130 | D:4      | Noticed Sigmund
  3133 | D:4      | Killed Sigmund
  3652 | D:4      | Found Foaji's Food Shoppe.
  3971 | D:5      | Entered Level 5 of the Dungeon
  4001 | D:5      | Learned a level 5 spell: Irradiate
  4011 | D:5      | Got an ichor-stained hunting sling
  4012 | D:5      | Identified the +5 hunting sling "Dyinuanwa" {velocity, rF-
                  | rN+ Str+3} (You found it on level 5 of the Dungeon)
  4031 | D:5      | Got an ancient short sword
  4032 | D:5      | Identified the +7 short sword of Grimmash's Destruction
                  | {venom, rN+ MR++ Str-2} (You found it on level 5 of the
                  | Dungeon)
  4037 | D:5      | Noticed Blork the orc
  4040 | D:5      | Reached XP level 8. HP: 50/50 MP: 2/18
  4042 | D:5      | Killed Blork the orc
  4137 | D:5      | Found an ancient bone altar of Kikubaaqudgha.
  4193 | D:5      | Reached skill level 1 in Transmutations
  4284 | D:5      | Found a glowing drain.
  4288 | Sewer    | Entered a sewer
  4375 | Sewer    | Noticed Purgy
  4380 | Sewer    | Killed Purgy
  4381 | Sewer    | Reached skill level 5 in Dodging
  4381 | Sewer    | Reached skill level 1 in Shields
  4610 | D:5      | Found an opulent altar of Gozag.
  5061 | D:6      | Noticed Pikel
  5072 | D:6      | Reached skill level 1 in Short Blades
  5074 | D:6      | Killed Pikel
  5075 | D:6      | Reached XP level 9. HP: 56/57 MP: 0/22
  5298 | D:6      | Reached skill level 10 in Conjurations
  5393 | D:6      | Found a blossoming altar of Fedhas.
  5419 | D:6      | Noticed Grinder
  5424 | D:6      | Killed Grinder
  5425 | D:6      | Reached XP level 10. HP: 63/63 MP: 14/24
  5628 | D:6      | Found Vaugasir's Food Emporium.
  5833 | D:6      | Found a basalt altar of Yredelemnul.
  6142 | D:6      | Noticed Edmund
  6146 | D:6      | Killed Edmund
  6477 | D:7      | Found Plog's General Store.
  6505 | D:7      | Found a staircase to the Ecumenical Temple.
  6524 | Temple   | Entered the Ecumenical Temple
  6537 | Temple   | Became a worshipper of Vehumet
  6622 | D:7      | Found a flagged portal.
  6640 | D:7      | Got a bloodstained spear
  6644 | Bailey   | Entered a bailey
  7179 | Bailey   | Reached skill level 10 in Spellcasting
  7227 | Bailey   | Reached * piety under Vehumet
  7227 | Bailey   | Offered knowledge of Sting by Vehumet.
  7329 | Bailey   | Noticed an orc knight
  7383 | Bailey   | Killed an orc knight
  7505 | Bailey   | Found the +2 cloak of the Thief {+Fog +Inv Slay-2 SInv
                  | Stlth+}
  7545 | D:7      | Noticed an ogre mage
  7554 | D:7      | Killed an ogre mage
  7641 | D:7      | Reached XP level 11. HP: 70/70 MP: 20/26
  8605 | D:8      | Offered knowledge of Flame Tongue by Vehumet.
  8613 | D:8      | Reached skill level 5 in Fighting
  8632 | D:8      | Noticed a three-headed hydra
  8675 | D:8      | Reached ** piety under Vehumet
  8687 | D:8      | Killed a three-headed hydra
  8806 | D:8      | Found a staircase to the Lair.
  8870 | D:8      | Reached skill level 5 in Shields
  9081 | D:8      | Offered knowledge of Conjure Flame by Vehumet.
  9182 | D:8      | Learned a level 4 spell: Lightning Bolt
  9223 | D:8      | Found Gunem's Distillery.
  9230 | D:8      | Bought 2 potions of might for 88 gold pieces
  9230 | D:8      | Bought a potion of mutation for 88 gold pieces
  9230 | D:8      | Bought a potion of lignification for 33 gold pieces
  9428 | D:9      | Reached skill level 5 in Short Blades
  9593 | D:9      | Reached *** piety under Vehumet
  9599 | D:9      | Reached skill level 5 in Transmutations
  9599 | D:9      | Reached XP level 12. HP: 74/77 MP: 14/29
  9701 | D:9      | Noticed a two-headed ogre
  9715 | D:9      | Killed a two-headed ogre
  9963 | D:9      | Noticed Grum
  9972 | D:9      | Killed Grum
 10031 | D:9      | Found a shimmering altar of Xom.
 10083 | D:9      | Noticed a seven-headed hydra
 10089 | D:9      | Killed a seven-headed hydra
 10248 | D:9      | Noticed Erica
 10256 | D:9      | Killed Erica
 10358 | D:9      | Offered knowledge of Yara's Violent Unravelling by Vehumet.
 10413 | D:10     | Entered Level 10 of the Dungeon
 10654 | D:10     | Noticed a fire giant
 10660 | D:10     | Killed a fire giant
 10841 | D:10     | Reached **** piety under Vehumet
 11431 | Lair:1   | Entered Level 1 of the Lair of Beasts
 11439 | Lair:1   | Identified a scroll of acquirement
 11439 | Lair:1   | Identified the +0 helmet of Duck's Teeth {rC+ rN+ MR+
                  | Int-2} (You acquired it on level 1 of the Lair of Beasts)
 11439 | Lair:1   | Identified the amulet "Cuocoxzo" {Reflect +Blink Int+3
                  | Dex-4 SH+4} (You acquired it on level 1 of the Lair of
                  | Beasts)
 11439 | Lair:1   | Identified the Volume of Confrontation (You acquired it on
                  | level 1 of the Lair of Beasts)
 11500 | Lair:1   | Offered knowledge of Throw Icicle by Vehumet.
 11503 | Lair:1   | Reached skill level 1 in Air Magic
 11637 | Lair:1   | Reached XP level 13. HP: 83/83 MP: 15/31
 11747 | Lair:1   | Got a twitching iron amulet
 11748 | Lair:1   | Identified the cursed amulet of Moodiness {Inacc rElec rC-
                  | rN+} (You found it on level 1 of the Lair of Beasts)
 12279 | Lair:2   | Found a gate leading to a gauntlet.
 12289 | Gauntlet | Entered a Gauntlet
 12289 | Gauntlet | Found a transporter.
 12289 | Gauntlet | Found a transporter.
 12306 | Gauntlet | Found a transporter.
 12315 | Gauntlet | Found a transporter.
 12328 | Gauntlet | Found a transporter.
 12338 | Gauntlet | Found a transporter.
 12338 | Gauntlet | Found a transporter.
 12343 | Gauntlet | Found a transporter.
 12362 | Gauntlet | Found a transporter.
 12369 | Gauntlet | Found a transporter.
 12378 | Gauntlet | Found a transporter.
 12387 | Gauntlet | Found a transporter.
 12424 | Gauntlet | Found a transporter.
 12441 | Gauntlet | Found a transporter.
 12539 | Gauntlet | Found a transporter.
 12554 | Gauntlet | Found a transporter.
 12927 | Gauntlet | Got a pair of distressingly furry gloves
 12939 | Gauntlet | Identified the cursed +0 pair of gloves of the Cockroach
                  | {rF+} (You found it in a Gauntlet)
 12953 | Gauntlet | Noticed a minotaur
 12954 | Gauntlet | Found the +7 Spriggan's Knife {stab, EV+4 Stlth+}
 12958 | Gauntlet | Paralysed by a minotaur for 4 turns
 12966 | Gauntlet | Killed a minotaur
 13378 | Lair:2   | Identified the ring "Quuk" {+Blink MP+9} (You acquired it
                  | on level 2 of the Lair of Beasts)
 13378 | Lair:2   | Identified the Catalogue of Creative Arcane Weapons (You
                  | acquired it on level 2 of the Lair of Beasts)
 13379 | Lair:2   | Found the +3 warlock's mirror {reflect}
 13699 | Lair:2   | Found a staircase to the Shoals.
 13827 | Lair:2   | Found a glowing silver altar of Zin.
 14184 | D:7      | Bought a scroll of acquirement for 676 gold pieces
 14191 | D:7      | Learned a level 4 spell: Throw Icicle
 14198 | D:7      | Learned a level 6 spell: Bolt of Fire
 14646 | Lair:3   | Reached skill level 1 in Throwing
 14832 | Lair:3   | Reached skill level 1 in Ice Magic
 14846 | Lair:3   | Reached ***** piety under Vehumet
 14904 | Lair:3   | Reached skill level 1 in Fire Magic
 14975 | Lair:3   | Identified the Handbook of Creative Contamination
 15004 | Lair:3   | Offered knowledge of Poison Arrow by Vehumet.
 15616 | Lair:4   | Reached XP level 14. HP: 82/92 MP: 19/33
 15860 | Lair:4   | Found a staircase to the Swamp.
 16212 | Lair:4   | Reached skill level 15 in Conjurations
 16631 | Lair:5   | Found a staircase to the Spriggan Forest.
 17357 | Lair:6   | Entered Level 6 of the Lair of Beasts
 17358 | Lair:6   | Noticed Rupert
 17456 | Lair:6   | Noticed Kirke
 17464 | Lair:6   | Killed Kirke
 17745 | Lair:6   | Offered knowledge of Mana Rupture by Vehumet.
 17746 | Lair:6   | Reached skill level 15 in Spellcasting
 17757 | Lair:6   | Learned a level 7 spell: Mana Rupture
 17843 | Lair:6   | Found a sparkling altar of Nemelex Xobeh.
 18057 | Lair:6   | Reached skill level 1 in Hexes
 18696 | Lair:6   | Reached XP level 15. HP: 99/99 MP: 27/35
 19104 | Lair:6   | Reached skill level 5 in Air Magic
 19519 | D:11     | Offered knowledge of Orb of Destruction by Vehumet.
 19606 | D:11     | Reached skill level 10 in Dodging
 19830 | D:11     | Found a gate to the Vaults.
 20103 | D:11     | Found Weunk's Weapon Shop.
 20131 | D:11     | Found a staircase to the Orcish Mines.
 20552 | Orc      | Entered the Orcish Mines
 20711 | D:12     | Entered Level 12 of the Dungeon
 20791 | D:12     | Noticed Agnes
 20803 | D:12     | Killed Agnes
 20804 | D:12     | Reached skill level 5 in Fire Magic
 20897 | D:12     | Noticed Maurice
 20905 | D:12     | Killed Maurice
 21258 | D:12     | Found Cynaman's Antique Weapon Boutique.
 21975 | D:12     | Identified Zekyps's Collected Works on the Snowflakes
 21979 | D:12     | Found a staircase to the Depths.
 22524 | Orc      | Reached XP level 16. HP: 86/106 MP: 20/37
 22664 | Orc      | Found a roughly hewn altar of Beogh.
 22899 | Orc      | Found a viscous altar of Jiyva.
 22905 | Orc      | Found a staircase to the Slime Pits.
 22965 | Orc      | Reached ****** piety under Vehumet
 22972 | Orc      | Offered knowledge of Conjure Ball Lightning by Vehumet.
 22977 | Orc      | Reached skill level 5 in Ice Magic
 23329 | Orc      | Found Gucew's Antique Armour Boutique.
 23329 | Orc      | Found Ofiogh's Distillery.
 23348 | Orc      | Bought a potion of heal wounds for 85 gold pieces
 23348 | Orc      | Bought a potion of magic for 85 gold pieces
 23516 | Orc      | Found Guf Hoer's Assorted Antiques.
 23516 | Orc      | Found Wujau's Antique Weapon Shoppe.
 23521 | Orc      | Bought a murky yellow potion for 36 gold pieces
 23925 | Swamp:1  | Entered Level 1 of the Swamp
 24054 | Swamp:1  | Got a crude broad axe
 24751 | Swamp:1  | Noticed a tentacled monstrosity
 24785 | Swamp:1  | Killed a tentacled monstrosity
 25106 | Swamp:1  | Found a corrupted altar of Lugonu.
 25107 | Swamp:1  | Found a one-way gate to the infinite horrors of the Abyss.
 25527 | Swamp:2  | Noticed a thorn hunter
 25534 | Swamp:2  | Killed a thorn hunter
 25869 | Swamp:2  | Offered knowledge of Icicle Burst by Vehumet.
 26170 | Swamp:3  | Entered Level 3 of the Swamp
 26175 | Swamp:3  | Reached skill level 10 in Shields
 26506 | Swamp:3  | Noticed a thorn hunter
 26654 | Swamp:3  | Noticed a thorn hunter
 26659 | Swamp:3  | Killed a thorn hunter
 26702 | Swamp:3  | Noticed Bai Suzhen
 26726 | Swamp:3  | Killed Bai Suzhen
 26789 | Swamp:3  | Noticed a bone dragon
 27016 | Swamp:3  | Found a runed translucent door.
 27016 | Swamp:3  | Noticed Lazarus1551's ghost (adept OnAE)
 27229 | Swamp:3  | Reached XP level 17. HP: 111/111 MP: 31/39
 27372 | Swamp:3  | Reached skill level 5 in Hexes
 27389 | Swamp:3  | Learned a level 7 spell: Icicle Burst
 27465 | Swamp:3  | Killed a bone dragon
 27465 | Swamp:3  | Offered knowledge of Iron Shot by Vehumet.
 27626 | Swamp:3  | Learned a level 6 spell: Iron Shot
 28083 | Swamp:3  | Reached skill level 1 in Earth Magic
 28346 | Swamp:3  | Found a blossoming altar of Fedhas.
 28459 | Swamp:3  | Got a decaying rune of Zot
 28479 | Swamp:3  | Found a basalt altar of Yredelemnul.
 28678 | Shoals:1 | Entered Level 1 of the Shoals
 28932 | Shoals:1 | Found Zephisev's Distillery.
 29581 | Shoals:1 | Found a runed translucent gate.
 29581 | Shoals:1 | Noticed Cris's ghost (journeyman FrAE)
 29582 | Shoals:1 | Found a runed translucent gate.
 29583 | Shoals:1 | Found a runed translucent gate.
 29650 | Shoals:1 | Learned a level 7 spell: Dragon Form
 30490 | Shoals:2 | Noticed a kraken
 30498 | Shoals:2 | Killed a kraken
 30499 | Shoals:2 | Reached XP level 18. HP: 118/118 MP: 3/40
 31357 | Shoals:3 | Entered Level 3 of the Shoals
 31514 | Shoals:3 | Noticed Mara
 31614 | Shoals:3 | Offered knowledge of Bolt of Cold by Vehumet.
 31741 | Shoals:3 | Killed Mara
 31983 | Shoals:3 | Identified the +9 plate armour "Mauppot" {rPois rN+ Dex+3
                  | Stlth-}
 32113 | Shoals:3 | Noticed Ilsuiw
 32125 | Shoals:3 | Killed Ilsuiw
 32791 | Shoals:3 | Got a barnacled rune of Zot
 33188 | Forest:1 | Entered Level 1 of the Spriggan Forest
 33319 | Forest:1 | Noticed a wendigo
 33329 | Forest:1 | Killed a wendigo
 33352 | Forest:1 | Reached XP level 19. HP: 124/124 MP: 22/42
 33527 | Forest:1 | Offered knowledge of Lehudib's Crystal Spear by Vehumet.
 33527 | Forest:1 | Offered knowledge of Glaciate by Vehumet.
 33527 | Forest:1 | Offered knowledge of Ignition by Vehumet.
 34237 | Forest:1 | Reached skill level 10 in Short Blades
 35183 | Forest:2 | Reached skill level 5 in Earth Magic
 35519 | Forest:2 | Reached skill level 1 in Unarmed Combat
 36384 | Forest:2 | Learned a level 6 spell: Statue Form
 36439 | Forest:2 | Upgraded the game from bcrawl-1.41 to bcrawl-1.41.1
 36497 | Forest:3 | Entered Level 3 of the Spriggan Forest
 37307 | Forest:3 | Reached skill level 10 in Fighting
 37307 | Forest:3 | Reached XP level 20. HP: 132/132 MP: 35/44
 37393 | Forest:3 | Identified the +7 faerie dragon scales {rC+ rCorr Dex+7}
 37393 | Forest:3 | Noticed the Enchantress
 37593 | Forest:3 | Slain by the Enchantress

Skill      XL: |  1  2  3  4  5  6  7  8  9 10 11 12 13 14 15 16 17 18 19 20 |
---------------+-------------------------------------------------------------+-----
Conjurations   | 5 6 7 8 9 10 11 12 14 15 16 17 18 19 | 19.0
Dodging        | 3 4 5 6 7 8 9 10 11 12 | 12.9
Spellcasting   | 3 5 6 8 9 10 12 13 14 15 16 17 18 19 | 19.2
Stealth        | 2 3 |  3.6
Fighting       | 1 2 3 4 5 6 7 8 9 10 | 10.0
Transmutations | 2 3 4 5 6 7 8 9 |  9.7
Shields        | 2 3 4 5 6 7 8 9 10 11 12 | 12.3
Short Blades   | 1 2 3 5 6 7 8 9 10 | 10.1
Air Magic      | 1 3 4 5 6 7 8 |  8.2
Throwing       | 1 |  1.0
Ice Magic      | 1 3 4 5 6 7 8 |  8.2
Fire Magic     | 2 4 5 6 7 8 9 |  9.8
Hexes          | 1 3 4 5 6 7 |  7.4
Earth Magic    | 2 4 5 |  5.6
Unarmed Combat | 1 2 |  2.2
Evocations     | |  0.4

Action                   |  1- 3 |  4- 6 |  7- 9 | 10-12 | 13-15 | 16-18 | 19-21 || total
-------------------------+-------+-------+-------+-------+-------+-------+-------++-------
Melee: Unarmed           |    22 |       |       |       |       |       |     7 ||    29
       Short sword       |       |       |    30 |    44 |       |       |       ||    74
       Quick blade       |       |       |       |    15 |   436 |   128 |    70 ||   649
       Tailslap          |       |       |       |       |       |       |     2 ||     2
Throw: Tomahawk          |       |       |       |     1 |     1 |     9 |       ||    11
 Cast: Magic Dart        |    54 |     3 |    24 |     2 |       |     2 |       ||    85
       Searing Ray       |     1 |     3 |    10 |       |       |       |       ||    14
       Iskenderun's Myst |    14 |    31 |    62 |   354 |   503 |   530 |   163 ||  1657
       Irradiate         |       |       |       |     6 |     9 |     6 |       ||    21
       Lightning Bolt    |       |       |       |    31 |     8 |       |     4 ||    43
       Throw Icicle      |       |       |       |       |    16 |     3 |       ||    19
       Bolt of Fire      |       |       |       |       |    77 |   246 |    50 ||   373
       Icicle Burst      |       |       |       |       |       |    55 |    54 ||   109
       Mana Rupture      |       |       |       |       |       |     6 |       ||     6
       Iron Shot         |       |       |       |       |       |     2 |     5 ||     7
       Statue Form       |       |       |       |       |       |       |     2 ||     2
       Dragon Form       |       |       |       |       |       |       |     2 ||     2
 Abil: Breathe Fire      |       |       |       |       |       |       |     2 ||     2
       End Transformatio |       |       |       |       |       |       |     2 ||     2
Evoke: Wand              |       |       |       |     1 |     1 |     5 |     1 ||     8
       Sack of spiders   |       |       |       |       |     1 |       |     4 ||     5
  Use: Scroll            |     1 |     3 |     5 |    13 |    10 |    11 |     2 ||    45
       Potion            |       |       |     1 |       |       |     6 |     5 ||    12
 Stab: Sleeping          |       |       |     1 |       |     1 |       |       ||     2
  Eat: Chunk             |     2 |     6 |     6 |    27 |    41 |    39 |    12 ||   133
       Ration            |       |       |     1 |       |     1 |     2 |     1 ||     5
Armor: Skin              |     3 |       |     8 |    15 |    23 |    58 |    49 ||   156
Dodge: Dodged            |    22 |     2 |    61 |   102 |   187 |   281 |   121 ||   776
       Deflected         |       |       |       |       |     6 |    11 |     1 ||    18
Block: Other             |     5 |     2 |    18 |    22 |       |       |    10 ||    57
       Buckler           |       |       |       |    49 |   341 |   352 |   168 ||   910
       Medium shield     |       |       |       |       |     7 |       |       ||     7
       Reflection        |       |       |       |       |    33 |    53 |    11 ||    97
